[Event "*** Biggest EVER Titled Tuesday"]
[Site "Chess.com"]
[Date "2018.04.17"]
[Round "10"]
[White "MrRooke6"]
[Black "talento10"]
[Result "1-0"]
[WhiteElo "2399"]
[BlackElo "2324"]
[TimeControl "180+2"]
[EndTime "15:20:30 PDT"]
[Termination "MrRooke6 won on time"]

1. d4 Nf6 2. Bg5 Ne4 3. h4 d5 4. Nd2 Nxg5 5. hxg5 Bf5 6. e3 e6 7. c4 c6 8. f4 Qa5 9. Nf3 Nd7 10. Be2 f6 11.
Qb3 b6 12. Nh4 Be4 13. O-O-O f5 14. Nxe4 fxe4 15. Ng6 Rg8 16. Rxh7 O-O-O 17. Bg4 Re8 18. Kb1 Kd8 19. cxd5 exd5 20. Bxd7 Kxd7 21. Ne5+ Kd6 22.
Rc1 c5 23. dxc5+ bxc5 24. Rd1 1-0

[Event "*** Biggest EVER Titled Tuesday"]
[Site "Chess.com"]
[Date "2018.04.17"]
[Round "10"]
[White "pulvettd"]
[Black "hilary444"]
[Result "0-1"]
[WhiteElo "2528"]
[BlackElo "2535"]
[TimeControl "180+2"]
[EndTime "15:20:46 PDT"]
[Termination "hilary444 won by resignation"]

1. d4 d5 2. c4 e6 3. Nc3 Nf6 4. cxd5 exd5 5. Bg5 c6 6. e3 Bf5 7. Qf3 Bg6 8. Bxf6 Qxf6 9. Qxf6 gxf6 10. Nf3 Nd7 11. g3 O-O-O 12. Nh4 Bb4 13. Bh3 Kc7 14. O-O Nf8 15. Rfc1 Kb8 16. a3 Bd6 17. Nf5 Bc7 18. b4 Ne6 19. b5 Ng5 20. Bg4 h5 21. h4 hxg4 22. Ne7 Nf3+ 23. Kg2 Bd6 24. Nxg6 fxg6 25. bxc6 bxc6 26. Na4 Rc8 27. Ra2 g5 28. Rac2 gxh4 29. gxh4 Rxh4 30. Rxc6 Rh2+ 31. Kf1 Rh1+ 32. Ke2 0-1

[Event "*** Biggest EVER Titled Tuesday"]
[Site "Chess.com"]
[Date "2018.04.17"]
[Round "10"]
[White "savinspm"]
[Black "BillForster"]
[Result "1-0"]
[WhiteElo "2007"]
[BlackElo "1624"]
[TimeControl "180+2"]
[EndTime "15:20:46 PDT"]
[Termination "savinspm won by checkmate"]

1. e4 c5 2. Nc3 a6 3. a4 b6 4. g3 Bb7 5. Bg2 e6 6. d3 Nf6 7.
Bg5 Be7 8. Nge2 h6 9. Be3 O-O 10. h3 Nc6 11. O-O Qc7 12. f4 d6 13. Qd2 Rad8 14. f5 e5 15. g4 Nd4 16. g5 hxg5 17. Bxg5 c4 18. Ng3 cxd3 19. cxd3 Nb3 20. Qe2 Nxa1 21. Rxa1 Ne8 22. Be3 Nf6 23. Rf1 Rd7 24.
Bg5 Rfd8 25. Bxf6 Bxf6 26. Nh5 Be7 27. f6 Bf8 28. fxg7 Bxg7 29. Qg4 f5 30. Rxf5 Rf7 31.
Nf6+ Kf8 32. Nfd5 Qc5+ 33. Kh2 Rxf5 34. Qxf5+ Kg8 35. Ne7+ Kh8 36. Qh5+ Bh6 37. Qxh6# 1-0

[Event "*** Biggest EVER Titled Tuesday"]
[Site "Chess.com"]
[Date "2018.04.17"]
[Round "10"]
[White "murmah2003"]
[Black "Koksik_13"]
[Result "0-1"]
[WhiteElo "2531"]
[BlackElo "2513"]
[TimeControl "180+2"]
[EndTime "15:20:47 PDT"]
[Termination "Koksik_13 won by resignation"]

1. d4 e6 2. Nf3 d5 3. c4 Nf6 4. Nc3 Be7 5. Bf4 O-O 6. e3 a6 7. cxd5 exd5 8. h3 c6 9. Bd3 Nbd7 10. O-O Re8 11. Rb1 Nf8 12. b4 Ng6 13. Bh2 Bd6 14. Bxd6 Qxd6 15. a4 Ne4 16. Qc2 Bf5 17. Nd2 Nh4 18. Ndxe4 dxe4 19. Nxe4 Qg6 20. f3 Bxh3 21.
Rf2 f5 22. Nc5 Rxe3 23. Rb3 Re1+ 24. Kh2 Bxg2 25. Bc4+ Kh8 26. Rxg2 Qh6 27. Kg3 Nxg2 28. Qxg2 f4+ 29. Kf2 Qh4+ 0-1

[Event "*** Biggest EVER Titled Tuesday"]
[Site "Chess.com"]
[Date "2018.04.17"]
[Round "10"]
[White "TheBigBoss04"]
[Black "IMVoja"]
[Result "1/2-1/2"]
[WhiteElo "2518"]
[BlackElo "2327"]
[TimeControl "180+2"]
[EndTime "15:20:50 PDT"]
[Termination "Game drawn by repetition"]

1. d4 Nf6 2. c4 c5 3. d5 b5 4. Qc2 Na6 5. a3 bxc4 6. e4 d6 7. Bxc4 Nc7 8. Nf3 g6 9. O-O Bg7 10. Nc3 O-O 11. Re1 a5 12. h3 Rb8 13. Bf4 e5 14. dxe6 Nxe6 15. Bg3 Nh5 16. Bh2 Nd4 17. Nxd4 Bxd4 18. Rad1 Be6 19. Bxe6 fxe6 20. Rxd4 cxd4 21. Ne2 Qb6 22. Qc4 d3 23. Nd4 Qxb2 24. Qxe6+ Kh8 25. Nf3 Nf4 26. Qxd6 Rbd8 27. Qc7 Qf6 28. e5 Nxh3+ 29. Kh1 Nxf2+ 30. Kg1 Nh3+ 31. Kh1 Nf2+ 32. Kg1 Nh3+ 33. Kh1 Nf2+ 34. Kg1 1/2-1/2

[Event "*** Biggest EVER Titled Tuesday"]
[Site "Chess.com"]
[Date "2018.04.17"]
[Round "10"]
[White "Martins-BR"]
[Black "Triumphmate"]
[Result "1-0"]
[WhiteElo "2236"]
[BlackElo "2169"]
[TimeControl "180+2"]
[EndTime "15:20:50 PDT"]
[Termination "Martins-BR won by resignation"]

1. e4 d5 2. exd5 Nf6 3. Nf3 Bg4 4. Bb5+ c6 5. dxc6 Nxc6 6. Nc3 e6 7. O-O Bd6 8. h3 Bh5 9. d4 h6 10. Be3 O-O 11. Be2 a6 12. Nh4 Bxe2 13. Qxe2 Nd5 14.
Nxd5 Qxh4 15. Nc3 Nxd4 16. Bxd4 Qxd4 17. Rad1 Qe5 18. Qxe5 Bxe5 19. Rd7 Bxc3 20. bxc3 b5 21. Rfd1 Rac8 22. R1d3 Rc6 23. R7d6 Rfc8 24. Rxc6 Rxc6 25. Kf1 Kf8 26. Ke2 Ke7 27. Rg3 g5 28. Kd2 f5 29.
Rd3 e5 30. f3 Ke6 31. Ke3 h5 32. g3 f4+ 33. gxf4 exf4+ 34. Kd2 Ke5 35. Ke2 Rd6 36. a3 Rxd3 37. cxd3 Kd5 38. Kf2 a5 39. Ke2 Kc5 40. Kd2 h4 41. Ke2 b4 42. axb4+ axb4 43. d4+ Kc4 44. cxb4 Kxb4 45. Kd3 Kb5 46. Ke4 Kc4 47.
Kf5 Kxd4 48. Kxg5 Ke3 49. Kg4 Kf2 50. Kxf4 1-0

[Event "*** Biggest EVER Titled Tuesday"]
[Site "Chess.com"]
[Date "2018.04.17"]
[Round "10"]
[White "Diwi89"]
[Black "nailbeshirli"]
[Result "0-1"]
[WhiteElo "2704"]
[BlackElo "2374"]
[TimeControl "180+2"]
[EndTime "15:21:09 PDT"]
[Termination "nailbeshirli won by resignation"]

1. e4 c5 2. Nc3 d6 3. Nf3 Nf6 4.
d4 cxd4 5. Nxd4 Nc6 6. Be3 e6 7.
f3 a6 8. Qd2 Bd7 9. g4 b5 10.
g5 Nh5 11. O-O-O Rc8 12. Kb1 Ne5 13. f4 Nc4 14. Bxc4 Rxc4 15. f5 Be7 16. fxe6 fxe6 17. Rhf1 Qc7 18. Nce2 Qb7 19. e5 d5 20. Nf4 Nxf4 21.
Bxf4 O-O 22. h4 Bc5 23. Be3 Rc8 24. b3 Bxd4 25. Bxd4 R4c7 26. Qf4 Bc6 27. Bc5 Rf7 28. Qd4 Be8 29. Rxf7 Bxf7 30. Rf1 Bg6 31. b4 a5 32.
a3 axb4 33. axb4 Bf5 34. h5 Qf7 35. h6 Bxc2+ 36. Kxc2 Qxf1 37. hxg7 Ra8 38. Ba7 Qe2+ 39. Kc1 Qc4+ 40. Qxc4 bxc4 41. Bc5 Kxg7 42. b5 Rb8 43. b6 Kg6 44. Be3 Kf5 45. Bf2 Rb7 46. Kd2 Kxe5 47. Kc3 Kd6 0-1

[Event "*** Biggest EVER Titled Tuesday"]
[Site "Chess.com"]
[Date "2018.04.17"]
[Round "10"]
[White "kirillshevchenko"]
[Black "Annawel"]
[Result "0-1"]
[WhiteElo "2373"]
[BlackElo "2859"]
[TimeControl "180+2"]
[EndTime "15:21:16 PDT"]
[Termination "Annawel won by resignation"]

1. e4 c6 2. d4 d5 3. e5 c5 4. dxc5 Bf5 5. Nf3 e6 6. Nd4 Bg6 7. Bb5+ Nd7 8. c6 bxc6 9. Bxc6 Rc8 10. O-O Bc5 11. c3 Ne7 12. Bxd7+ Qxd7 13. Be3 O-O 14.
Nd2 Bb6 15. f4 h6 16. N2b3 Rb8 17. Rc1 Qa4 18. Qd2 Rfc8 19. Ra1 a5 20. Ne2 Qc4 21. Bxb6 Rxb6 22. Nbd4 Be4 23. Rfc1 Qc5 24. Kh1 Ng6 25. Qe1 Rxb2 26. Nf3 Bxf3 27. gxf3 Qe3 28. Nd4 Qxf4 29. Qg3 Qxe5 30. Rab1 Rxc3 31. Rxc3 Rxb1+ 32. Kg2 Qxd4 33. Rc8+ Kh7 0-1

[Event "*** Biggest EVER Titled Tuesday"]
[Site "Chess.com"]
[Date "2018.04.17"]
[Round "10"]
[White "JosefineHeinemann"]
[Black "rekosheten"]
[Result "0-1"]
[WhiteElo "2359"]
[BlackElo "2345"]
[TimeControl "180+2"]
[EndTime "15:21:18 PDT"]
[Termination "rekosheten won by checkmate"]

1. e4 Nf6 2. e5 Nd5 3. Nc3 Nxc3 4. bxc3 d6 5. exd6 cxd6 6. d4 g6 7. Bd3 Bg7 8. Ne2 O-O 9. O-O Nc6 10. a4 b6 11. Ng3 e5 12. d5 Ne7 13. c4 e4 14.
Nxe4 Bxa1 15. c3 f5 16. Ng5 Bxc3 17. h4 h6 18. Ne6 Bxe6 19. dxe6 Bg7 20. Re1 Rc8 21.
Qf3 Rc5 22. Ba3 Re5 23. Rd1 Rxe6 24. h5 g5 25. Bb1 Kh8 26. Qd3 Be5 27. g4 Ref6 28. c5 bxc5 29. Bxc5 Qa5 30. Be3 Qxa4 31. Bc2 Qxg4+ 32. Kf1 Qxh5 33. Rb1 Nc6 34. Rb7 a5 35.
Qa6 d5 36. Bxf5 Rxf5 37. Qxc6 R5f6 38. Qxd5 g4 39. Bc5 g3 40. Qe4 Rxf2+ 41. Bxf2 Qd1+ 42. Kg2 Rxf2+ 43. Kh3 Qh5+ 44. Qh4 Rh2# 0-1

[Event "*** Biggest EVER Titled Tuesday"]
[Site "Chess.com"]
[Date "2018.04.17"]
[Round "10"]
[White "Blitzking4444"]
[Black "GeorgMeier"]
[Result "0-1"]
[WhiteElo "2007"]
[BlackElo "2754"]
[TimeControl "180+2"]
[EndTime "15:21:22 PDT"]
[Termination "GeorgMeier won on time"]

1. e4 e6 2. d4 d5 3. Nd2 dxe4 4. Nxe4 Nd7 5. Bd3 Ngf6 6. Qe2 c5 7. Nxf6+ Nxf6 8.
dxc5 Bxc5 9. Bd2 O-O 10. O-O-O Qc7 11. h4 e5 12. Bc3 Re8 13. f3 a6 14. g4 Bd7 15. g5 Nh5 16. Be4 Ng3 17. Qh2 Nxh1 18. Qxh1 Rad8 19. g6 hxg6 20. h5 Bf5 21. hxg6 Be3+ 22.
Bd2 Rxd2 23. Qh7+ Kf8 24. Rxd2 Qd6 25. Qh8+ Ke7 26. Qh4+ f6 0-1

[Event "*** Biggest EVER Titled Tuesday"]
[Site "Chess.com"]
[Date "2018.04.17"]
[Round "10"]
[White "Fighterman91"]
[Black "gkchesstiger"]
[Result "0-1"]
[WhiteElo "2601"]
[BlackElo "2781"]
[TimeControl "180+2"]
[EndTime "15:21:23 PDT"]
[Termination "gkchesstiger won by resignation"]

1. e4 c5 2. Nf3 e6 3. d4 cxd4 4. Nxd4 a6 5. Be2 b6 6. O-O Bb7 7. Bf3 Ne7 8. Bg5 Qc7 9. Nd2 Ng6 10.
c4 Nc6 11. Nxc6 Bxc6 12. Be3 Bc5 13. Qe1 O-O 14. Bxc5 bxc5 15. Qe3 d6 16. b3 a5 17. a4 Rab8 18. Bd1 e5 19. Bc2 Nf4 20. f3 Ne6 21.
Rab1 g6 22. Rbe1 Rbe8 23. Bd1 f5 24. exf5 gxf5 25. Nb1 f4 26. Qd2 Nd4 27. Nc3 Kh8 28.
Bc2 Rg8 29. Kh1 Re6 30. Be4 Nxb3 31. Qb2 Nd4 32. Nd5 Qd8 33. Qb6 Qh4 34. Nxf4 Rh6 35. Nh3 Rxg2 36. Qd8+ Qxd8 0-1

[Event "*** Biggest EVER Titled Tuesday"]
[Site "Chess.com"]
[Date "2018.04.17"]
[Round "10"]
[White "Rokis13"]
[Black "ChadBiryani"]
[Result "1-0"]
[WhiteElo "2436"]
[BlackElo "2249"]
[TimeControl "180+2"]
[EndTime "15:21:23 PDT"]
[Termination "Rokis13 won by resignation"]

1. e4 c5 2. Nf3 d6 3. Bb5+ Nd7 4. O-O a6 5. Bd3 g6 6. Re1 Bg7 7. c3 Ngf6 8. Bf1 O-O 9. d4 b5 10. a4 Rb8 11. axb5 axb5 12. Na3 b4 13. Nc4 Nxe4 14. Rxe4 d5 15. Bf4 dxe4 16. Bxb8 exf3 17. Bg3 cxd4 18. cxb4 Bb7 19. Ra7 Bd5 20. gxf3 Nb6 21. Bc7 Nxc4 22. Bxd8 Rxd8 23. Rxe7 Bf6 24. Ra7 Ne5 25.
Ra3 Rc8 26. f4 Nd7 27. b5 Bg7 28. Bg2 Nb6 29. Bxd5 Nxd5 30. f5 gxf5 31. Qf3 Rc1+ 32. Kg2 Nf6 33. b6 Bf8 34. b7 1-0

[Event "*** Biggest EVER Titled Tuesday"]
[Site "Chess.com"]
[Date "2018.04.17"]
[Round "10"]
[White "MateusViageiro"]
[Black "BIG_Pirate"]
[Result "0-1"]
[WhiteElo "2196"]
[BlackElo "2276"]
[TimeControl "180+2"]
[EndTime "15:21:25 PDT"]
[Termination "BIG_Pirate won by resignation"]

1. e4 d5 2. exd5 Qxd5 3. Nc3 Qa5 4. Nf3 Nf6 5. Bc4 Bg4 6. d4 Nc6 7. Be3 O-O-O 8. O-O e5 9. d5 e4 10. h3 exf3 11.
hxg4 fxg2 12. Kxg2 Ne5 13. Be2 Nxd5 14. Nxd5 Rxd5 15.
Qe1 Qa4 16. b3 Qe4+ 17. Kg3 Bd6 18. Kh3 h5 19. g5 Nf3 20. Rg1 Qh4+ 21. Kg2 Nxe1+ 22.
Raxe1 Qh2+ 23. Kf3 Rf5+ 24. Ke4 Qe5+ 25. Kd3 Rd8 26.
Bxh5 Bb4+ 27. Ke2 Rd2+ 0-1

[Event "*** Biggest EVER Titled Tuesday"]
[Site "Chess.com"]
[Date "2018.04.17"]
[Round "10"]
[White "ChessQueen"]
[Black "AndrewDGreen"]
[Result "1-0"]
[WhiteElo "2581"]
[BlackElo "2154"]
[TimeControl "180+2"]
[EndTime "15:21:31 PDT"]
[Termination "ChessQueen won by resignation"]

1. e4 Nf6 2. e5 Nd5 3. d4 d6 4. Nf3 dxe5 5. Nxe5 c6 6. Bc4 e6 7. O-O Be7 8. Bb3 Nd7 9. Nf3 b5 10. a4 Bb7 11. c3 O-O 12. Bc2 a6 13. Qd3 g6 14.
Bh6 Re8 15. Nbd2 Qc7 16. Rfe1 Bf6 17. Ne4 Bh8 18. Qd2 c5 19. axb5 axb5 20. Bd3 b4 21.
Rxa8 Rxa8 22. Bb5 bxc3 23. bxc3 cxd4 24. cxd4 Ba6 25. Rc1 Qb7 26. Nd6 Qa7 27. Bc6 Rb8 28. Bxd5 exd5 29. Qf4 Nf6 30. Nf5 Qd7 31. Qxb8+ Ne8 32.
Re1 1-0

[Event "*** Biggest EVER Titled Tuesday"]
[Site "Chess.com"]
[Date "2018.04.17"]
[Round "10"]
[White "severomorskij"]
[Black "Saitama_Hero"]
[Result "1-0"]
[WhiteElo "2680"]
[BlackElo "2167"]
[TimeControl "180+2"]
[EndTime "15:21:32 PDT"]
[Termination "severomorskij won by resignation"]

1. d4 Nf6 2. c4 g6 3. Nc3 d5 4. Nf3 Bg7 5. Bg5 Ne4 6. Bh4 Nxc3 7. bxc3 dxc4 8. e3 Be6 9. Qb1 b6 10. Ng5 Bd5 11. e4 Bb7 12. Bxc4 O-O 13. O-O c5 14.
Rd1 Qc8 15. Qb3 Qg4 16. Bxf7+ Kh8 17. g3 h6 18. Be6 Qe2 19. Nf7+ Rxf7 20. Bxf7 Qxe4 21.
d5 g5 22. Qb5 Nc6 23. Re1 Qf3 24. Re3 Qxf7 25. dxc6 Bc8 26. Rae1 Bf6 27. Qd3 Bh3 28.
c7 Kg7 29. Qd8 Rc8 30. Rxe7 Bxe7 31. Rxe7 1-0

[Event "*** Biggest EVER Titled Tuesday"]
[Site "Chess.com"]
[Date "2018.04.17"]
[Round "10"]
[White "wadsy27"]
[Black "SelfishShellfish"]
[Result "1-0"]
[WhiteElo "2153"]
[BlackElo "2172"]
[TimeControl "180+2"]
[EndTime "15:21:46 PDT"]
[Termination "wadsy27 won by resignation"]

1. g3 Nc6 2. Bg2 d6 3. c4 h5 4.
Nf3 e5 5. d3 Be7 6. h4 Nf6 7.
Bg5 Bg4 8. Nc3 Qd7 9. e3 O-O-O 10. Qd2 Kb8 11. a3 Qe6 12. O-O-O e4 13. dxe4 Nxe4 14. Nxe4 Qxe4 15. Bxe7 Qxc4+ 16. Kb1 Nxe7 17. Ka1 Nc6 18. Rc1 Qb5 19. Bf1 Qb6 20. Ng5 Na5 21. Bc4 f6 22.
Nf7 Nxc4 23. Rxc4 Be6 24. Rb4 Qc6 25. Rc1 Qxc1+ 26. Qxc1 Bxf7 27. Qc6 b6 28. a4 a5 29. Re4 Rhe8 30. Rxe8 Rxe8 31. Qd7 Bg6 32. Qxg7 Bc2 33.
Qxf6 Bxa4 34. Qf7 Re4 35. b3 Bb5 36. Qxh5 Rb4 37. Qf7 c6 38. h5 d5 39. h6 Rxb3 40.
h7 1-0

[Event "*** Biggest EVER Titled Tuesday"]
[Site "Chess.com"]
[Date "2018.04.17"]
[Round "10"]
[White "VeraNebolsina"]
[Black "TheCount"]
[Result "0-1"]
[WhiteElo "2482"]
[BlackElo "2547"]
[TimeControl "180+2"]
[EndTime "15:21:56 PDT"]
[Termination "TheCount won by resignation"]

1. e4 c5 2. c3 Nf6 3. e5 Nd5 4.
Nf3 Nc6 5. g3 d6 6. exd6 Qxd6 7.
Bg2 Bf5 8. O-O Bd3 9. Re1 e6 10. b3 Be7 11. Bb2 O-O 12. Na3 Bf6 13. Nc2 Rfd8 14.
Ne3 Nxe3 15. Rxe3 c4 16. a4 Na5 17. b4 Nb3 18. Ra2 e5 19. b5 e4 20. Ba3 Qd5 21.
Ne1 Bg5 22. Rxd3 cxd3 23. Rb2 Na5 24. Qg4 h5 25. Qxh5 Nc4 26. Ra2 Nxd2 27. Rxd2 Bxd2 28.
Qd1 Bxc3 29. Be7 Rd7 30. Bg5 Bxe1 31. Qxe1 Qxg5 32. Qxe4 d2 0-1

[Event "*** Biggest EVER Titled Tuesday"]
[Site "Chess.com"]
[Date "2018.04.17"]
[Round "10"]
[White "sergiochess83"]
[Black "Rakhmanov_Aleksandr"]
[Result "1-0"]
[WhiteElo "2809"]
[BlackElo "2678"]
[TimeControl "180+2"]
[EndTime "15:22:01 PDT"]
[Termination "sergiochess83 won on time"]

1. c4 Nf6 2. Nc3 g6 3. e4 Bg7 4. d4 O-O 5. h3 c6 6. Bd3 d6 7. Nf3 Na6 8. O-O e5 9. Be3 Nh5 10. Re1 h6 11. Qd2 Kh7 12. Rad1 Qf6 13. c5 Bxh3 14. cxd6 Bg4 15. dxe5 Qe6 16. Be2 Bxf3 17. Bxf3 Qxe5 18. Bxh5 Qxh5 19. f4 Nc5 20. e5 Ne6 21.
Qe2 Qxe2 22. Nxe2 h5 23. Nd4 Nd8 24. b4 a5 25. b5 c5 26. Nb3 b6 27. Nd2 Ne6 28. Nc4 Rab8 29. g3 Rfd8 30. Kg2 f5 31.
exf6 Bxf6 32. d7 Nd4 33. Bxd4 1-0

[Event "*** Biggest EVER Titled Tuesday"]
[Site "Chess.com"]
[Date "2018.04.17"]
[Round "10"]
[White "tigra"]
[Black "LawrenceTrent"]
[Result "1-0"]
[WhiteElo "2704"]
[BlackElo "2536"]
[TimeControl "180+2"]
[EndTime "15:22:06 PDT"]
[Termination "tigra won by resignation"]

1. e4 e5 2. f4 exf4 3. Bc4 d5 4. Bxd5 Nf6 5. Nc3 Bb4 6. Nf3 O-O 7. O-O c6 8. Bc4 Bxc3 9. dxc3 Qxd1 10. Rxd1 Nxe4 11.
Bxf4 Bg4 12. Rd4 Bxf3 13. gxf3 Nf6 14. Re1 Nbd7 15. Re7 b5 16. Bd3 Nc5 17. Bd6 Nxd3 18. cxd3 Rfd8 19. Bc5 a5 20. Ra7 h6 21. Rxa5 Re8 22. Rxa8 Rxa8 23. a3 Re8 24. Kf2 g5 25. c4 Nh5 26. Rd6 Nf4 27. Kf1 Re2 28. Rxh6 bxc4 29.
Bd4 f5 30. dxc4 Rc2 31. Bc3 c5 32. a4 Nd3 33. Rg6+ Kf7 34. Rxg5 f4 35. a5 Nxb2 36. Bxb2 Rxb2 37. h4 Ra2 38. Rxc5 Kg6 39. Rb5 Kf6 40. h5 Rh2 41. a6 Ra2 42. h6 Rxa6 43. Rh5 Ra8 44. h7 Rh8 45. c5 Kg6 46. Rh3 Kg7 47. c6 1-0

[Event "*** Biggest EVER Titled Tuesday"]
[Site "Chess.com"]
[Date "2018.04.17"]
[Round "10"]
[White "Jbd735"]
[Black "ehrenfeld"]
[Result "1-0"]
[WhiteElo "2330"]
[BlackElo "2476"]
[TimeControl "180+2"]
[EndTime "15:22:08 PDT"]
[Termination "Jbd735 won by resignation"]

1. d4 Nf6 2. Nf3 e6 3. c3 b6 4. Bg5 Bb7 5. Nbd2 Be7 6. e3 c5 7. Bd3 cxd4 8. exd4 d6 9. O-O Nbd7 10. Qe2 a6 11.
Rfe1 O-O 12. a4 Re8 13. h3 Qc7 14. Ne4 Nxe4 15. Bxe4 Bxe4 16. Qxe4 Bxg5 17. Nxg5 Nf6 18. Qd3 Qc6 19. Ne4 Nxe4 20. Rxe4 b5 21. axb5 axb5 22. Rxa8 Rxa8 23. d5 exd5 24. Rd4 Qb6 25. g3 Qb7 26. Rxd5 Ra1+ 27. Kh2 g6 28. Qxb5 Qe7 29. Qb8+ Kg7 30.
Qxd6 Qa7 31. Qe5+ Kh6 32. Qe3+ Qxe3 33. fxe3 Re1 34. Rd2 Rxe3 35. Kg2 f5 36. Kf2 Re4 37. Rc2 g5 38. c4 f4 39. c5 Re7 40. c6 1-0

[Event "*** Biggest EVER Titled Tuesday"]
[Site "Chess.com"]
[Date "2018.04.17"]
[Round "10"]
[White "Alex_Molchanov"]
[Black "MartinMatthiesen"]
[Result "1-0"]
[WhiteElo "2559"]
[BlackElo "2411"]
[TimeControl "180+2"]
[EndTime "15:22:08 PDT"]
[Termination "Alex_Molchanov won by resignation"]

1. d4 Nf6 2. c4 g6 3. Nc3 Bg7 4. e4 d6 5. f3 O-O 6. Be3 c5 7. Nge2 Nc6 8. d5 Ne5 9. Nc1 e6 10. Be2 exd5 11. cxd5 a6 12. a4 Bd7 13. O-O b5 14. axb5 axb5 15. Rxa8 Qxa8 16. Bxb5 Bxb5 17. Nxb5 Nc4 18. Bf4 Qa6 19. b3 Nb2 20. Qe2 Rb8 21. Nxd6 Qxe2 22. Nxe2 Rxb3 23. Ra1 h6 24. Ra8+ Kh7 25.
Nxf7 Nd3 26. Rb8 Nxf4 27. Rxb3 Nxe2+ 28. Kf1 Nd4 29. Rb7 c4 30. Rc7 Nc2 31. Ke2 Ne8 32. Rc8 Nf6 33. Rxc4 Na3 34. Rc8 Nd7 35. g3 g5 36. Nd6 Kg6 37. f4 gxf4 38. gxf4 Nf6 39. Kf3 Nb1 40. Nc4 Nc3 41. Ne5+ Kh7 42. Rxc3 1-0

[Event "*** Biggest EVER Titled Tuesday"]
[Site "Chess.com"]
[Date "2018.04.17"]
[Round "10"]
[White "nochewycandy"]
[Black "lukas_111111"]
[Result "1-0"]
[WhiteElo "2119"]
[BlackElo "2470"]
[TimeControl "180+2"]
[EndTime "15:22:10 PDT"]
[Termination "nochewycandy won on time"]

1. e4 e6 2. d4 d5 3. Nd2 c5 4. Ngf3 cxd4 5. exd5 Qxd5 6. Bc4 Qd7 7. O-O Nc6 8. Nb3 a6 9. Nbxd4 Nxd4 10. Qxd4 Qxd4 11. Nxd4 Nf6 12. Bf4 Bd7 13. Rfe1 Bc5 14. Rad1 O-O 15. Nb3 Ba7 16. Na5 b5 17. Be2 Nd5 18. c4 bxc4 19. Bxc4 Nxf4 20. Rxd7 Bb6 21. Nc6 Ng6 22. Be2 Rac8 23. Bf3 Kh8 24. g3 a5 25. Red1 h6 26. Rb7 Bc5 27. Nxa5 Ne5 28. Bg2 Rcd8 29. Rxd8 Rxd8 30.
Nb3 Rd1+ 31. Bf1 Nf3+ 32. Kg2 Ne1+ 33. Kh3 Bxf2 34. a4 Nf3 35. Kg2 Nxh2 36. Be2 1-0

[Event "*** Biggest EVER Titled Tuesday"]
[Site "Chess.com"]
[Date "2018.04.17"]
[Round "10"]
[White "jlandaw"]
[Black "patzerplay"]
[Result "1-0"]
[WhiteElo "2472"]
[BlackElo "2313"]
[TimeControl "180+2"]
[EndTime "15:22:19 PDT"]
[Termination "jlandaw won by resignation"]

1. e4 c5 2. Nc3 a6 3. g3 b5 4. Bg2 Bb7 5. a3 e6 6. d3 h5 7. h3 Nc6 8. f4 Nf6 9. e5 Ng8 10. Ne4 Qc7 11. Be3 Nd4 12. Bf2 Rb8 13. b4 d6 14.
exd6 Bxd6 15. Rh2 Nf6 16. Nxd6+ Qxd6 17. Bxb7 Rxb7 18. c3 Nf5 19. bxc5 Qd5 20. Qf3 Rc7 21. Qxd5 Nxd5 22. Kd2 h4 23. g4 Ng3 24. Bd4 f6 25.
Rf2 Kf7 26. Re1 Rd8 27. Nf3 Nxf4 28. Ne5+ fxe5 29. Rxe5 g5 30. Rxg5 Ne2 31. Rg7+ Kf8 32. Rxc7 e5 33. Bxe5 Rxd3+ 34. Kc2 Rxh3 35. Bxf4 Rxc3+ 36. Kb2 1-0

[Event "*** Biggest EVER Titled Tuesday"]
[Site "Chess.com"]
[Date "2018.04.17"]
[Round "10"]
[White "mukhin1"]
[Black "LyonBeast"]
[Result "1-0"]
[WhiteElo "2916"]
[BlackElo "2841"]
[TimeControl "180+2"]
[EndTime "15:22:25 PDT"]
[Termination "mukhin1 won by resignation"]

1. d4 Nf6 2. Nf3 g6 3. c4 Bg7 4. Nc3 d5 5. h4 dxc4 6. e4 c5 7. d5 b5 8. h5 O-O 9. hxg6 fxg6 10. e5 Ng4 11. d6 e6 12. Rxh7 Rf5 13. Ne4 Nxe5 14. Nfg5 Bb7 15. Rxg7+ Kxg7 16. Nxe6+ Kg8 17. Nxd8 Bxe4 18. Ne6 Nbc6 19. Be3 Nb4 20. Kd2 Rf6 21. Bxc5 Nbd3 22. Bxd3 Nxd3 23. Bd4 Rxe6 24. Qg4 Rxd6 25.
Qxe4 Rad8 26. Ke3 Rxd4 27. Qxd4 Rxd4 28. Kxd4 Nxf2 29. a4 a6 30. axb5 axb5 31. Ra5 b4 32.
Kxc4 Nd1 33. b3 Ne3+ 34. Kxb4 Nxg2 35. Kc5 Kf7 36. b4 Nf4 37. b5 Ke7 38. Ra7+ Kd8 39.
Kd6 Kc8 40. b6 Nd3 41. Rg7 Kb8 42. Kc6 Ne5+ 43. Kb5 Kc8 44. Ka6 Nc6 45. Rc7+ 1-0

[Event "*** Biggest EVER Titled Tuesday"]
[Site "Chess.com"]
[Date "2018.04.17"]
[Round "10"]
[White "Ginger_GM"]
[Black "lupta_robin"]
[Result "0-1"]
[WhiteElo "2434"]
[BlackElo "2442"]
[TimeControl "180+2"]
[EndTime "15:22:27 PDT"]
[Termination "lupta_robin won by checkmate"]

1. g4 e5 2. h4 d5 3. g5 Nc6 4. d3 Be6 5. h5 Qd7 6. a3 Nge7 7. b4 Nf5 8. c3 Be7 9. Nf3 e4 10. dxe4 dxe4 11. Qxd7+ Bxd7 12. Nh4 e3 13. Nf3 exf2+ 14. Kxf2 O-O-O 15. e4 Nd6 16. Bd3 Bg4 17. Bc2 g6 18. h6 f6 19. Rg1 Bh5 20. gxf6 Bxf6 21. Bf4 Rhf8 22. Rg3 Bh4 23. Nxh4 Rxf4+ 24. Ke3 Rxh4 25.
Nd2 Ne5 26. Bb3 Nf5+ 27. exf5 Rd3+ 28. Kf2 Rh2+ 29. Kg1 Rdxd2 30. Rf1 gxf5 31. Be6+ Kd8 32. Bxf5 Bg6 33. Bxg6 Nxg6 34. Rf7 Rhe2 35. Rf1 Ke7 36. Rgf3 Rg2+ 37. Kh1 Rh2+ 38. Kg1 Rdg2# 0-1

[Event "*** Biggest EVER Titled Tuesday"]
[Site "Chess.com"]
[Date "2018.04.17"]
[Round "10"]
[White "Generalas"]
[Black "Karina_Oparina"]
[Result "1-0"]
[WhiteElo "2212"]
[BlackElo "2155"]
[TimeControl "180+2"]
[EndTime "15:22:28 PDT"]
[Termination "Generalas won by resignation"]

1. Nf3 Nf6 2. c4 c5 3. g3 b6 4. Bg2 Bb7 5. O-O e6 6. Nc3 Be7 7. a3 O-O 8. Rb1 d5 9. cxd5 Nxd5 10. Qc2 Nd7 11. d3 Nxc3 12. bxc3 e5 13. a4 Rb8 14. e4 f6 15. Bh3 Kh8 16. Nh4 c4 17. d4 Re8 18. f4 exf4 19. gxf4 Nc5 20. Bg2 Nd3 21. Be3 Bf8 22. e5 fxe5 23. Nf5 e4 24.
Ng3 Be7 25. Bh3 Bh4 26. Rb5 Bxg3 27. hxg3 Bc6 28. Rh5 g6 29. Rh4 Qf6 30. Qh2 Rb7 31. f5 Rf8 32. fxg6 Qg7 33. Rxh7+ Qxh7 34. Rxf8+ Kg7 35.
gxh7 1-0

[Event "*** Biggest EVER Titled Tuesday"]
[Site "Chess.com"]
[Date "2018.04.17"]
[Round "10"]
[White "PenguinPacks"]
[Black "BergenChessAcademy"]
[Result "1-0"]
[WhiteElo "2156"]
[BlackElo "2190"]
[TimeControl "180+2"]
[EndTime "15:22:33 PDT"]
[Termination "PenguinPacks won by checkmate"]

1. e4 c6 2. Nc3 d5 3. d4 dxe4 4.
Nxe4 Nd7 5. Bc4 Ngf6 6. Ng5 e6 7.
c3 Bd6 8. Qe2 Nb6 9. Bd3 O-O 10.
N1f3 h6 11. Ne4 Be7 12. Bd2 Nbd5 13. O-O-O Nxe4 14. Qxe4 Nf6 15. Qh4 Nh7 16. Qe4 Nf6 17. Qe2 b5 18. Rhg1 Qd5 19. Kb1 a5 20. g4 Ne8 21. g5 h5 22. g6 fxg6 23. Be4 Qc4 24. Bd3 Qd5 25. Ne5 Bh4 26. Rxg6 Nf6 27. Rdg1 Ra7 28.
Rxf6 Bxf6 29. Qxh5 Rd8 30. Qh7+ Kf8 31. Ng6+ Ke8 32.
Qg8+ Kd7 33. Qf7+ Kd6 34. Qxa7 c5 35. Bf4+ Kc6 36. f3 Qxf3 37. Qc7+ Kd5 38. Qxc5# 1-0